 Dungeon Crawl Stone Soup version 0.29-a0-330-g52719c12eb (webtiles) character file.

Game seed: 11367314021777489379

140609 Ajdolov the Warrior (level 17, -10/142 HPs)
             Began as a Merfolk Ice Elementalist on Apr 13, 2022.
             Was the Champion of Cheibriados.
             Mangled by a naga warrior
             ... wielding a +0 dire flail
              (36 damage)
             ... on level 1 of the Snake Pit.
             The game lasted 01:31:04 (33430 turns).

Ajdolov the Warrior (Merfolk Ice Elementalist)     Turns: 33430, Time: 01:31:05

Health: -10/142    AC: 25    Str: 25    XL:     17   Next: 31%
Magic:  26/31      EV: 16    Int: 35    God:    Cheibriados [******]
Gold:   439        SH:  5    Dex: 30    Spells: 18/36 levels left

rFire   + . .      SeeInvis .   Y - +4 trident
rCold   + . .      Faith    .   E - +0 buckler of Inference {rC+ rN+}
rNeg    + . .      Spirit   .   m - +1 scale mail of Space {rElec rPois Stlth+}
rPois   +          Reflect  .   t - +2 helmet
rElec   +          Harm     .   s - +2 cloak {Stlth+}
rCorr   +          Rampage  .   k - +0 pair of fencer's gloves {Riposte Dex+3}
Will    ++...                   j - +2 pair of boots
Stlth   ++++......              a - amulet of magic regeneration
HPRegen 0.33/turn               R - ring of Mozeas {Will+ rCorr Str+2 Dex-5}
MPRegen 0.62/turn               H - ring of protection from fire

@: ice-armoured, freezing walls, constricted, very slow
A: (nimble swimmer 2), mertail
a: Renounce Religion, Bend Time, Temporal Distortion, Slouch, Step From Time


You were on level 1 of the Snake Pit.
You worshipped Cheibriados.
Cheibriados was exalted by your worship.
You visited 5 branches of the dungeon, and saw 25 of its levels.

You collected 2470 gold pieces.
You spent 2031 gold pieces at shops.

Inventory:

Hand Weapons
 Y - a +4 trident (weapon)
Missiles
 D - a throwing net
 V - 3 curare-tipped darts
Armour
 j - a +2 pair of boots (worn)
 k - the +0 pair of fencer's gloves (worn) {Riposte Dex+3}
   (You bought it in a shop on level 2 of the Orcish Mines)

   It allows the wearer to riposte with melee weapons, swiftly retaliating
   against missed attacks.
   Dex:       It affects your dexterity (+3).
 m - the +1 scale mail of Space (worn) {rElec rPois Stlth+}
   (You found it on level 3 of the Dungeon)

   rElec:     It insulates you from electricity.
   rPois:     It protects you from poison.
   Stlth:     It makes you more stealthy.
 s - a +2 cloak of stealth (worn)
 t - a +2 helmet (worn)
 E - the +0 buckler of Inference (worn) {rC+ rN+}
   (You found it on level 6 of the Lair of Beasts)

   rC:        It protects you from cold.
   rN:        It protects you from negative energy.
Jewellery
 a - an amulet of magic regeneration (around neck)
 u - an amulet of reflection
 H - a ring of protection from fire (right hand)
 P - a ring of willpower
 R - the ring of Mozeas (left hand) {Will+ rCorr Str+2 Dex-5}
   (You bought it in a shop on level 2 of the Orcish Mines)

   [ring of resist corrosion]

   Str:       It affects your strength (+2).
   Dex:       It affects your dexterity (-5).
   rCorr:     It protects you from acid and corrosion.
   Will:      It increases your willpower.
Wands
 i - a wand of flame (13)
 p - a wand of polymorph (15)
 z - a wand of acid (28)
 G - a wand of iceblast (13)
 I - a wand of mindburst (23)
 T - a wand of digging (3)
Scrolls
 c - 3 scrolls of noise
 e - 2 scrolls of blinking
 g - 2 scrolls of fear
 o - 4 scrolls of vulnerability
 v - 3 scrolls of amnesia
 w - 4 scrolls of enchant weapon
 x - 6 scrolls of teleportation
 y - 6 scrolls of magic mapping
 A - 3 scrolls of identify
 B - 6 scrolls of immolation
 J - 2 scrolls of enchant armour
 N - 2 scrolls of fog
 O - a scroll of acquirement
Potions
 b - a potion of magic
 d - 5 potions of brilliance
 f - 11 potions of curing
 h - 6 potions of lignification
 l - 2 potions of might
 n - 5 potions of mutation
 q - 4 potions of heal wounds
 r - 4 potions of berserk rage
 F - 4 potions of flight
 K - 2 potions of haste
 L - 2 potions of attraction
 M - a potion of cancellation {unknown}
 Q - a potion of invisibility
 S - a potion of ambrosia {unknown}
 U - a potion of resistance
Miscellaneous
 C - a lightning rod (4/4)
 W - a phial of floods


   Skills:
 - Level 15.0 Fighting
 - Level 14.0 Polearms
 - Level 3.2 Armour
 - Level 10.0 Dodging
 - Level 2.1 Stealth
 - Level 10.0 Spellcasting
 - Level 8.0 Conjurations
 - Level 8.1 Transmutations
 * Level 12.8 Ice Magic
 - Level 8.0 Air Magic
 - Level 10.0 Poison Magic
 - Level 10.0 Invocations
 + Level 0.7 Evocations


You had 18 spell levels left.
You knew the following spells:

 Your Spells              Type           Power      Damage    Failure   Level
a - Freezing Cloud        Conj/Ice/Air   35%        6-21      4%          5
b - Frozen Ramparts       Ice            100%       1d12      1%          3
c - Ozocubu's Armour      Ice            82%        N/A       1%          3
d - Olgreb's Toxic Radia  Pois           72%        N/A       1%          4
e - Ignite Poison         Fire/Tmut/Pois 56%        N/A       1%          3

Your spell library contained the following spells:

 Spells                   Type           Power      Damage    Failure   Level
 Foxfire                  Conj/Fire      100%       2x1d9     1%          1
 Freeze                   Ice            100%       1d11      1%          1
 Magic Dart               Conj           100%       1d8       1%          1
 Shock                    Conj/Air       100%       1d9       1%          1
 Searing Ray              Conj           100%       2d8       1%          2
 Wereblood                Tmut           65%        N/A       1%          2
 Mephitic Cloud           Conj/Pois/Air  67%        N/A       1%          3
 Swiftness                Air            65%        N/A       1%          3
 Hailstorm                Conj/Ice       74%        3d15      1%          4
 Airstrike                Air            32%        N/A       3%          4
 Conjure Flame            Conj/Fire      45%        6-21      4%          3
 Animate Skeleton         Necr           34%        N/A       8%          1
 Pain                     Necr           68%        1d7       8%          1
 Call Imp                 Summ           17%        N/A       12%         2
 Sublimation of Blood     Necr           17%        N/A       12%         2
 Flame Wave               Conj/Fire      45%        2d10      16%         4
 Fulminant Prism          Conj/Hex       22%        3d13      16%         4
 Sticky Flame             Conj/Fire      45%        2d6       16%         4
 Gell's Gravitas          Tloc           17%        N/A       24%         3
 Inner Flame              Hex/Fire       17%        N/A       24%         3
 Lesser Beckoning         Tloc           17%        N/A       24%         3
 Teleport Other           Tloc           17%        N/A       24%         3
 Vampiric Draining        Necr           17%        2d7       24%         3
 Ozocubu's Refrigeration  Ice            41%        4d13      34%         7
 Simulacrum               Ice/Necr       29%        N/A       65%         6
 Summon Hydra             Summ           8%         N/A       100%        7
 Ignition                 Fire           8%         3d5       100%        8
 Polar Vortex             Ice            41%        N/A       100%        9


Dungeon Overview and Level Annotations

Branches:
Dungeon (15/15)            Temple (1/1) D:5            Lair (6/6) D:9
 Shoals (0/4) Lair:4        Snake (1/4) Lair:4        Slime (0/5) Lair:5
    Orc (2/2) D:9             Elf (0/3) Orc:2        Vaults (0/5) D:14
 Depths (0/4) D:15

Altars:
Ashenzari
Cheibriados
Dithmenos
Elyvilon
Fedhas
Gozag
Hepliaklqana
Kikubaaqudgha
Makhleb
Nemelex Xobeh
Okawaru
Qazlal
Ru
Sif Muna
Trog
Uskayaw
Vehumet
Wu Jian
Xom
Yredelemnul
Zin
The Shining One
Beogh
Jiyva

Shops:
D:2 =   Orc:1 *   Orc:2 ==![:

Annotations:
D:6 3 runed translucent doors, p0werm0de's ghost, novice MyCK
D:9 3 runed translucent doors, robertstho's ghost, journeyman DjFE
D:10 Nergalle
Lair:6 2 runed translucent doors, anonymous's ghost, journeyman TeAE
Orc:1 3 runed translucent doors, exclusion: obsidian statue, Maddatsi's ghost, journeyman NaIE


Innate Abilities, Weirdness & Mutations

((You are very nimble when in or above water. (Stealth+, EV+, Speed+++)))
Your lower body shifts to a powerful aquatic tail in water.


Message History

Aiming: Corrosive Bolt
Press: ? - help, Shift-Dir - straight line The bolt of acid misses the naga warrior.
The naga warrior hits you with a +0 dire flail.
* * * LOW HITPOINT WARNING * * *
The naga warrior constricts you.
The wall freezes the naga warrior.
The naga warrior hits you but does no damage.
You feel much better.
The naga warrior hits you with a +0 dire flail!!
* * * LOW HITPOINT WARNING * * *
The naga warrior constricts you.
The wall freezes the naga warrior.
The naga warrior closely misses you.
You riposte.
You puncture the naga warrior!
The naga warrior is almost dead.
Okay, then.
Blink to where?
Press: ? - help, Dir - move target Your icy armour and frozen ramparts will break if you move.
Continue?
The naga warrior's grasp on you weakens, but your attempt to escape fails.
As you read the scroll of blinking, it crumbles to dust.
The naga warrior spits poison at you.
The splash of poison hits you but does no damage.
You resist. The naga warrior constricts you.
* * * LOW HITPOINT WARNING * * *
The wall freezes the naga warrior!
You kill the naga warrior!
Cheibriados thoroughly appreciates the change of pace.
Okay, then.
Casting: Ozocubu's Armour (safe; 1% risk of failure)
Confirm with . or Enter, or press ? or * to list all spells.
Okay, then.
You feel much better. You block the naga warrior's attack.
The naga warrior constricts you.
* * * LOW HITPOINT WARNING * * *
Aiming: Corrosive Bolt
Press: ? - help, Shift-Dir - straight line The bolt of acid hits the naga warrior.
The naga warrior is almost dead.
The naga warrior hits you with a +0 dire flail!!!
You die...

...#....########..#..
#.......# ##....
#.......# ##...
##......# #...#
#.......# ##....
##.......## ###..##.
.####.........#
##...####
...○☼....N....####..###
# ...§....)@..........#
.......#######N....## #
......# #......# ##
...... ##.....# #.
...## #....)## ##. .#
##.....###..
#.).....#..#
.#######)).#......#
.......)..####....#


You could see a naga warrior (strong) and a salamander.

Vanquished Creatures
  Rupert (D:15)
  Frances (Snake:1)
  An orc warlord (Orc:2)
  Louise (D:15)
  Azrael (D:12)
  Nessos (D:12)
  Snorg (D:13)
  A fire dragon (D:14)
  An ice dragon (D:13)
  A rakshasa (D:15)
  5 naga warriors (Snake:1)
  3 boulder beetles
  Erolcha (D:13)
  5 centaur warriors (D:14)
  A catoblepas (D:14)
  4 anacondas (Snake:1)
  2 death knights
  5 two-headed ogres
  13 hydras
  3 tengu warriors
  9 death yaks
  Urug (D:10)
  3 naga sharpshooters (Snake:1)
  A shock serpent (Snake:1)
  6 skeletal warriors
  A deep troll (D:14)
  2 naga ritualists (Snake:1)
  2 deep elf zephyrmancers (D:15)
  A wizard (D:15)
  A necromancer (D:15)
  8 orc knights (Orc:2)
  Pikel (D:4)
  2 lindwurms (Lair:6)
  A wolf spider zombie (D:15)
  5 cyclopes
  25 ugly things
  3 mana vipers
  2 deep elf pyromancers (D:14)
  A manticore (Lair:4)
  5 orc sorcerers
  A salamander (Snake:1)
  18 elephants
  2 guardian serpents (Snake:1)
  Maurice (D:10)
  An elephant (shapeshifter) (D:13)
  8 black mambas
  2 centaur skeletons (D:15)
  7 torpor snails
  A gargoyle (D:12)
  6 naga magi (Snake:1)
  3 kobold demonologists (D:12)
  A rime drake (shapeshifter) (D:14)
  An unseen horror (D:12)
  17 cane toads
  3 rime drakes
  8 freezing wraiths
  A tengu conjurer (D:15)
  4 komodo dragons
  An efreet (D:9)
  3 trolls
  11 polar bears
  A wind drake (Lair:4)
  A raiju (Lair:6)
  A harpy skeleton (D:15)
  4 slime creatures (D:12)
  3 tyrant leeches (Lair:6)
  16 hornets
  24 blink frogs
  A shadow (D:12)
  A spriggan (Lair:3)
  A spriggan (shapeshifter) (D:14)
  5 basilisks
  Eustachio (D:5)
  9 wyverns
  4 wraiths
  59 yaks
  3 fire elementals (D:12)
  A steam dragon (D:8)
  10 wargs
  3 vampire mosquitoes (D:12)
  19 nagas
  20 hell hounds
  17 water moccasins
  3 ice beasts
  A sky beast (D:8)
  41 orc warriors
  14 black bears
  3 boggarts (D:15)
  31 wolves
  11 ogres
  15 centaurs
  3 phantoms
  A lemure (D:4)
  5 kobold brigands
  Blork the orc (D:6)
  11 bullfrogs
  2 necrophages
  A gnoll sergeant (D:10)
  10 wights
  10 scorpions
  2 electric eels
  3 howler monkeys
  5 hounds
  2 jellies
  Crazy Yiuf (D:4)
  3 gnoll shamans
  13 orc priests
  Jessica (D:2)
  4 iguanas
  23 orc wizards
  18 gnolls
  7 adders
  3 white imps
  A worm (D:3)
  2 dart slugs
  76 orcs
  9 ball pythons
  5 endoplasms
  5 giant cockroaches
  7 goblins
  9 hobgoblins
  2 jackals (D:4)
  14 kobolds
  5 quokkas
  7 bats
  8 frilled lizards
  4 rats
838 creatures vanquished.

Vanquished Creatures (others)
  A wizard (D:15)
  A quokka (D:15)
  54 fungi
  112 plants
  2 withered plants (Lair:6)
170 creatures vanquished.

Grand Total: 1008 creatures vanquished

Notes
Turn   | Place    | Note
-------+----------+-------------------------------------------
     0 | D:1      | Ajdolov the Merfolk Ice Elementalist began the quest for
                  | the Orb.
     0 | D:1      | Reached XP level 1. HP: 13/13 MP: 3/3
   144 | D:1      | Reached XP level 2. HP: 15/19 MP: 0/5
   431 | D:1      | Reached skill level 5 in Ice Magic
   854 | D:1      | Reached XP level 3. HP: 23/24 MP: 4/6
  1478 | D:2      | Learned a level 3 spell: Frozen Ramparts
  1598 | D:2      | Found a radiant altar of Vehumet.
  1730 | D:2      | Found Cimovudi's Jewellery Boutique.
  2066 | D:2      | Noticed Jessica
  2069 | D:2      | Killed Jessica
  2070 | D:2      | Reached XP level 4. HP: 29/30 MP: 4/7
  2247 | D:2      | Learned a level 3 spell: Ozocubu's Armour
  2513 | D:3      | Identified the +1 scale mail of Space {rElec rPois Stlth+}
  2630 | D:3      | Found a faded altar of an unknown god.
  2768 | D:3      | You are sucked into a shaft and drop 2 floors!
  2768 | D:5      | Entered Level 5 of the Dungeon
  2768 | D:5      | Noticed an ogre
  2768 | D:5      | Noticed a scorpion
  2773 | D:4      | Noticed a lemure
  2811 | D:4      | Noticed a scorpion
  2816 | D:4      | Killed a scorpion
  2817 | D:4      | Reached XP level 5. HP: 33/35 MP: 1/8
  4050 | D:4      | Reached XP level 6. HP: 41/41 MP: 5/9
  4168 | D:4      | Found a runed translucent door.
  4169 | D:4      | Noticed Crazy Yiuf
  4178 | D:4      | Killed Crazy Yiuf
  4179 | D:4      | Reached skill level 5 in Polearms
  4425 | D:4      | Reached XP level 7. HP: 42/46 MP: 4/10
  4798 | D:4      | Noticed Pikel
  4809 | D:4      | Killed Pikel
  4810 | D:4      | Reached XP level 8. HP: 9/52 MP: 11/11
  5260 | D:5      | Found a staircase to the Ecumenical Temple.
  5277 | Temple   | Entered the Ecumenical Temple
  5419 | Temple   | Became a worshipper of Cheibriados the Contemplative
  5857 | D:5      | Reached skill level 1 in Fighting
  5942 | D:5      | Noticed Eustachio
  5965 | D:5      | Killed Eustachio
  5966 | D:5      | Reached skill level 2 in Fighting
  6075 | D:4      | Reached skill level 3 in Fighting
  6075 | D:4      | Reached skill level 10 in Polearms
  6522 | D:5      | Reached * piety under Cheibriados
  6651 | D:5      | Reached XP level 9. HP: 54/65 MP: 12/12
  6757 | D:5      | Reached skill level 4 in Fighting
  6978 | D:5      | Found a blossoming altar of Fedhas.
  6986 | D:5      | Found an ornate altar of the Wu Jian Council.
  6991 | D:5      | Found a sparkling altar of Nemelex Xobeh.
  7002 | D:5      | Found a hazy altar of Hepliaklqana.
  7010 | D:5      | Found an opulent altar of Gozag.
  7015 | D:5      | Found a bloodstained altar of Trog.
  7023 | D:5      | Found a hide-covered altar of Uskayaw.
  7445 | D:6      | Found a stormy altar of Qazlal.
  7445 | D:6      | Found a glowing golden altar of the Shining One.
  7445 | D:6      | Found a shadowy altar of Dithmenos.
  7457 | D:6      | Found a runed translucent gate.
  7458 | D:6      | Noticed p0werm0de's ghost (novice MyCK)
  7490 | D:6      | Found a runed translucent gate.
  7491 | D:6      | Found a runed translucent gate.
  7649 | D:6      | Reached skill level 5 in Fighting
  7781 | D:6      | Noticed Blork the orc
  7792 | D:6      | Killed Blork the orc
  8150 | D:7      | Reached ** piety under Cheibriados
  8168 | D:7      | Noticed a hornet
  8178 | D:7      | Killed a hornet
  8179 | D:7      | Reached skill level 6 in Fighting
  8292 | D:7      | Reached XP level 10. HP: 65/77 MP: 13/13
  8368 | D:7      | Identified the +2 short sword of Pennocua {elec, Will+}
  8822 | D:7      | Reached skill level 7 in Fighting
  9412 | D:8      | Reached skill level 8 in Fighting
  9492 | D:8      | Reached *** piety under Cheibriados
 10458 | D:9      | Noticed a two-headed ogre
 10470 | D:9      | Killed a two-headed ogre
 10471 | D:9      | Reached skill level 9 in Fighting
 10569 | D:9      | Reached skill level 10 in Fighting
 10587 | D:9      | Reached skill level 5 in Dodging
 10641 | D:9      | Reached XP level 11. HP: 49/90 MP: 14/14
 10836 | D:9      | Found a staircase to the Lair.
 10850 | D:9      | Found a burning altar of Makhleb.
 10929 | D:9      | Found a runed translucent gate.
 10929 | D:9      | Found a runed translucent gate.
 10929 | D:9      | Found a runed translucent gate.
 11065 | D:9      | Reached **** piety under Cheibriados
 11544 | D:9      | Found a staircase to the Orcish Mines.
 11604 | D:9      | Noticed a two-headed ogre
 11631 | D:9      | Killed a two-headed ogre
 11632 | D:9      | Reached skill level 10 in Dodging
 11632 | D:9      | Reached skill level 1 in Armour
 11826 | D:9      | Noticed robertstho's ghost (journeyman DjFE)
 11952 | D:10     | Entered Level 10 of the Dungeon
 11953 | D:10     | Noticed Maurice
 11960 | D:10     | Paralysed by something for 2 turns
 11967 | D:10     | Paralysed by something for 7 turns
 11984 | D:10     | Killed Maurice
 12460 | D:10     | Learned a level 4 spell: Olgreb's Toxic Radiance
 12464 | D:10     | Learned a level 3 spell: Ignite Poison
 12465 | D:10     | Noticed Nergalle
 12493 | D:10     | Noticed Urug
 12511 | D:10     | Killed Urug
 12512 | D:10     | Reached skill level 1 in Poison Magic
 12737 | D:10     | Reached ***** piety under Cheibriados
 12919 | D:11     | Identified the +11 hand crossbow "Cetz" {vorpal, rPois rC-
                  | Will+}
 12974 | D:11     | Noticed a cyclops
 12982 | D:11     | Killed a cyclops
 13022 | D:11     | Noticed an eight-headed hydra
 13032 | D:11     | Killed an eight-headed hydra
 13103 | D:11     | Noticed a seven-headed hydra
 13124 | D:11     | Killed a seven-headed hydra
 13125 | D:11     | Reached skill level 5 in Transmutations
 13672 | D:11     | Noticed a cyan ugly thing
 13746 | Lair:1   | Entered Level 1 of the Lair of Beasts
 13855 | Lair:1   | Reached XP level 12. HP: 97/97 MP: 15/15
 13888 | Lair:1   | Reached skill level 5 in Poison Magic
 15229 | Lair:2   | Reached skill level 1 in Invocations
 15551 | Lair:2   | Identified the +2 robe of Goodie {rC++ Str+3}
 15607 | Lair:2   | Noticed a six-headed hydra
 15618 | Lair:2   | Killed a six-headed hydra
 15638 | Lair:2   | Reached skill level 5 in Invocations
 15720 | Lair:2   | Found a glowing golden altar of the Shining One.
 16014 | Lair:2   | Noticed a four-headed hydra
 16025 | Lair:2   | Killed a four-headed hydra
 16188 | Lair:2   | Reached XP level 13. HP: 79/103 MP: 17/17
 16580 | Lair:3   | Identified the +5 ring mail "Teogosm" {Fly rN+ Int-3 SInv}
 16690 | Lair:3   | Reached skill level 10 in Poison Magic
 16961 | Lair:3   | Reached ****** piety under Cheibriados
 17066 | Lair:3   | Found a sparkling altar of Nemelex Xobeh.
 17662 | Lair:4   | Found a staircase to the Snake Pit.
 17755 | Lair:4   | Reached skill level 10 in Invocations
 17983 | Lair:4   | Found a staircase to the Shoals.
 18482 | Lair:5   | Reached skill level 11 in Fighting
 18781 | Lair:5   | Reached skill level 12 in Fighting
 18791 | Lair:5   | Reached XP level 14. HP: 116/116 MP: 13/21
 18842 | Lair:5   | Reached skill level 13 in Fighting
 19446 | Lair:5   | Reached skill level 14 in Fighting
 19656 | Lair:5   | Found a viscous altar of Jiyva.
 19657 | Lair:5   | Found a staircase to the Slime Pits.
 19938 | Lair:6   | Entered Level 6 of the Lair of Beasts
 19966 | Lair:6   | Paralysed by a hornet for 2 turns
 19971 | Lair:6   | Paralysed by a hornet for 3 turns
 20479 | Lair:6   | Identified the +9 scimitar of the Messenger {drain, Str+7
                  | Int-4 Dex+2}
 20552 | Lair:6   | Reached skill level 5 in Spellcasting
 20723 | Lair:6   | Reached skill level 15 in Fighting
 21294 | Lair:6   | Identified the +0 buckler of Inference {rC+ rN+}
 21431 | Lair:6   | Found a runed translucent door.
 21479 | Lair:6   | Noticed anonymous's ghost (journeyman TeAE)
 21643 | Lair:6   | Reached XP level 15. HP: 125/129 MP: 26/26
 21898 | Lair:6   | Found a runed translucent door.
 22863 | D:12     | Learned a level 5 spell: Freezing Cloud
 23015 | D:12     | Reached skill level 1 in Conjurations
 23015 | D:12     | Reached skill level 1 in Air Magic
 23294 | D:12     | Noticed Azrael
 23304 | D:12     | Killed Azrael
 23509 | D:12     | Noticed Nessos
 23516 | D:12     | Killed Nessos
 24223 | D:12     | Identified a scroll of acquirement
 24457 | D:2      | Bought a ring of willpower for 325 gold pieces
 24628 | Orc:1    | Entered Level 1 of the Orcish Mines
 24839 | Orc:1    | Found a runed translucent gate.
 24839 | Orc:1    | Found a runed translucent gate.
 24839 | Orc:1    | Found a runed translucent gate.
 24840 | Orc:1    | Found an opulent altar of Gozag.
 24841 | Orc:1    | Noticed Maddatsi's ghost (journeyman NaIE)
 24842 | Orc:1    | Found Uqasid's Assorted Antiques.
 25138 | Orc:2    | Entered Level 2 of the Orcish Mines
 25153 | Orc:2    | Reached skill level 10 in Spellcasting
 25210 | Orc:2    | Found Liss's Jewellery Shoppe.
 25257 | Orc:2    | Found a staircase to the Elven Halls.
 25350 | Orc:2    | Noticed an orc warlord
 25357 | Orc:2    | Killed an orc warlord
 25716 | Orc:2    | Found Ycoen's Book Emporium.
 25716 | Orc:2    | Found Ihyp Cem's Antique Armour Boutique.
 25878 | Orc:2    | Found Huotaco's Distillery.
 25878 | Orc:2    | Found Kamyrghi's Jewellery Boutique.
 25884 | Orc:2    | Bought a potion of curing for 45 gold pieces
 25884 | Orc:2    | Bought a potion of invisibility for 120 gold pieces
 25884 | Orc:2    | Bought a potion of heal wounds for 75 gold pieces
 25884 | Orc:2    | Bought a potion of mutation for 120 gold pieces
 25884 | Orc:2    | Bought a potion of attraction for 45 gold pieces
 25894 | Orc:2    | Bought the ring of Mozeas {Will+ rCorr Str+2 Dex-5} for 341
                  | gold pieces
 26383 | D:13     | Noticed Erolcha
 26387 | D:13     | Noticed Snorg
 26405 | D:13     | Killed Snorg
 26409 | D:13     | Killed Erolcha
 26665 | Orc:2    | Bought the +0 pair of fencer's gloves {Riposte Dex+3} for
                  | 960 gold pieces
 26665 | Orc:2    | Found the +0 pair of fencer's gloves {Riposte Dex+3}
 26877 | D:13     | Reached XP level 16. HP: 130/136 MP: 28/30
 27242 | D:14     | Reached skill level 5 in Conjurations
 27242 | D:14     | Reached skill level 5 in Air Magic
 28020 | D:14     | Reached skill level 10 in Ice Magic
 28845 | D:14     | Found a gate to the Vaults.
 29467 | D:14     | Found a hide-covered altar of Uskayaw.
 29860 | D:15     | Entered Level 15 of the Dungeon
 30018 | D:15     | Found a blossoming altar of Fedhas.
 30045 | D:15     | Noticed Louise
 30057 | D:15     | Killed Louise
 30144 | D:15     | Noticed Rupert
 30154 | D:15     | Killed Rupert
 30727 | D:15     | Found a white marble altar of Elyvilon.
 31078 | D:15     | Found a staircase to the Depths.
 31383 | Snake:1  | Entered Level 1 of the Snake Pit
 31673 | Snake:1  | Reached XP level 17. HP: 80/142 MP: 12/31
 33132 | Snake:1  | Noticed Frances
 33141 | Snake:1  | Killed Frances
 33428 | Snake:1  | HP: 6/142 [constriction (6)]
 33430 | Snake:1  | Mangled by a naga warrior

Illustrated notes

Levels and vault maps discovered:
D:1:      sevenhm_arrival_forest_fort_small_6, layout_basic
D:2:      layout_loops_ring, serial_shops, shop, basic_altar, minmay_ruptured,
          uniq_jessica
D:3:      minmay_chambers_of_twos, layout_basic, basic_ecumenical_altar,
          chequers_jeans, due_unseen_surprise
D:4:      layout_loops_ring, kennysheep_generic_room_7, uniq_pikel,
          uniq_crazy_yiuf_cottage
D:5:      layout_cave_pools, grunt_temple_overflow_octagram, temple_statues,
          uniq_eustachio
D:6:      layout_rooms, gammafunk_temple_overflow_forgotten,
          biasface_ghost_orc_armoury, uniq_blork_the_orc
D:7:      layout_basic, lemuel_old_faithful
D:8:      layout_layer_cave, minivault_14
D:9:      layout_basic, lightli_temple_of_fire, minmay_lair_entry_grove,
          gammafunk_ghost_necromancy, grunt_ogre_cave, kennysheep_nub
D:10:     layout_basic, uniq_urug, uniq_maurice, uniq_nergalle
D:11:     layout_grid_maze, gauntlet_entry_generic
D:12:     layout_loops_ring, uniq_azrael, uniq_nessos
D:13:     layout_cave_pools, serial_column_ruins, column_ruins_hut_ruined,
          column_ruins_open_tiny, column_ruins_grid_4, column_ruins_grid_1,
          uniq_snorg, uniq_erolcha
D:14:     minmay_evil_eye, layout_stronghold, david_vaults_4,
          hangedman_abyss_or_decor_slice, kennysheep_small_circle
D:15:     grunt_enter_depths_magical_seal, layout_long_grid, elyvilon_altar_4,
          fedhas_altar_1, uniq_louise, uniq_rupert
Temple:   minmay_temple_curvy_loop
Lair:1:   layout_gridlike, grunt_forest_stairs_basic
Lair:2:   layout_chaotic_city, basic_altar, lemuel_fruit_tree,
          grunt_megastairs_5
Lair:3:   layout_loops_ring, basic_altar, forest_entry_grove
Lair:4:   layout_roguey, minmay_shoals_entry_beasts, guppyfry_snake_entry_garden
Lair:5:   layout_cave_pods, dpeg_slime_entry_enclosed_altar
Lair:6:   hangedman_lair_caniforms_friends, layout_cave_shapes, wormcave,
          gammafunk_ghost_grave, chequers_serial_rivers_micro_d,
          dreamdust_wasp_nest
Snake:1:  layout_layer_cave, uniq_frances
Orc:1:    layout_caves, ebering_ghost_gozag
Orc:2:    st_orc_town, layout_caves, serial_shops, shop_fountains, special_room

Skill      XL: |  1  2  3  4  5  6  7  8  9 10 11 12 13 14 15 16 17 |
---------------+----------------------------------------------------+-----
Ice Magic      | 5 6 7 8 9 11 12 | 12.8
Polearms       | 2 3 5 8 10 13 14 | 14.0
Fighting       | 3 6 10 12 15 | 15.0
Dodging        | 7 10 | 10.0
Armour         | 3 |  3.2
Transmutations | 5 8 |  8.1
Poison Magic   | 4 9 10 | 10.0
Invocations    | 6 10 | 10.0
Spellcasting   | 7 10 | 10.0
Conjurations   | 4 8 |  8.0
Air Magic      | 4 7 8 |  8.0
Stealth        | |  2.1
Evocations     | |  0.7

Action                   |  1- 3 |  4- 6 |  7- 9 | 10-12 | 13-15 | 16-18 || total
-------------------------+-------+-------+-------+-------+-------+-------++-------
Melee: Unarmed           |     9 |       |       |       |       |       ||     9
       Dagger            |    25 |    11 |       |       |       |       ||    36
       Punch             |     1 |     1 |     4 |     5 |    11 |       ||    22
       Trident           |       |    61 |   241 |   564 |  1024 |   500 ||  2390
 Cast: Freeze            |    58 |     5 |       |       |       |       ||    63
       Frozen Ramparts   |       |    18 |    45 |    64 |    87 |    37 ||   251
       Ozocubu's Armour  |       |     3 |    12 |    31 |    55 |    33 ||   134
       Olgreb's Toxic Ra |       |       |       |     3 |    74 |    43 ||   120
       Ignite Poison     |       |       |       |     2 |    39 |    28 ||    69
       Freezing Cloud    |       |       |       |       |       |    39 ||    39
Invok: Slouch            |       |       |       |       |     1 |     1 ||     2
Evoke: Wand              |       |       |       |       |       |     2 ||     2
  Use: Scroll            |       |       |     7 |    12 |     7 |     3 ||    29
       Potion            |       |       |     1 |       |       |     3 ||     4
 Stab: Sleeping          |       |     7 |     3 |     8 |     6 |     3 ||    27
       Distracted        |       |       |       |     1 |     2 |     1 ||     4
Armor: Robe              |    18 |    17 |    70 |    12 |       |       ||   117
       Scale mail        |       |       |       |   162 |   325 |   175 ||   662
Dodge: Dodged            |    42 |    30 |   115 |   280 |   775 |   359 ||  1601
Block: Buckler           |       |       |       |       |    94 |   139 ||   233
       Rpst.: Trident    |       |       |       |       |     2 |    55 ||    57

Table legend: (Time is in decaauts)
 A = Elapsed time spent in this place.
 B = Non-inter-level travel time spent in this place.
 C = Inter-level travel time spent in this place.
 D = Time resting spent in this place.
 E = Time spent auto-exploring this place.
 F = Levels seen in this place.
 G = Mean time per level.
                   A        B        C        D        E       F      G
               +--------+--------+--------+--------+--------+-----+--------+
         Total |  44896 |  41395 |   3501 |   6199 |  27358 |  25 | 1795.8 |
       Dungeon |  26287 |  23819 |   2468 |   4225 |  15226 |  15 | 1752.5 |
        Temple |    162 |    142 |     20 |      0 |    125 |   1 |  162.0 |
          Lair |  13692 |  12990 |    702 |   1576 |   9157 |   6 | 2282.0 |
     Snake Pit |   2158 |   2158 |      0 |    398 |   1215 |   1 | 2158.0 |
  Orcish Mines |   2595 |   2286 |    309 |      0 |   1634 |   2 | 1297.5 |
               +--------+--------+--------+--------+--------+-----+--------+

Top non-repeatable levels by time:
    D:14: 3592 daAuts
  Lair:6: 3549 daAuts
     D:9: 2579 daAuts
  Lair:4: 2361 daAuts
  Lair:5: 2306 daAuts
    D:12: 2216 daAuts
     D:4: 2159 daAuts
 Snake:1: 2158 daAuts
     D:8: 2148 daAuts
  Lair:1: 2067 daAuts
  Lair:2: 1796 daAuts
    D:15: 1725 daAuts
     D:3: 1666 daAuts
   Orc:2: 1651 daAuts
  Lair:3: 1611 daAuts
